 Dungeon Crawl Stone Soup version 0.24-a0-530-g18ba70b503 (webtiles) character file.

Game seed: 8121780456295607182

46 Bikalo the Bolt Thrower (level 3, 0/21 HPs)
             Began as a Kobold Arcane Marksman on Aug 9, 2019.
             Succumbed to an adder's poison
             ... on level 2 of the Dungeon.
             The game lasted 00:01:53 (410 turns).

Bikalo the Bolt Thrower (Kobold Arcane Marksman)     Turns: 410, Time: 00:01:54

Health: 0/21       AC:  2    Str:  7    XL:     3   Next: 95%
Magic:  4/4        EV: 16    Int: 14    God:
Gold:   40         SH:  0    Dex: 16    Spells: 3/4 levels left

rFire    + . .     SeeInvis .   a - +0 hand crossbow
rCold    + . .     Gourm    +   (shield restricted)
rNeg     . . .     Faith    .   e - +0 robe
rPois    +         Spirit   .   (no helmet)
rElec    +         Reflect  .   (no cloak)
rCorr    +         Harm     .   (no gloves)
MR       .....                  (no boots)
Stlth    +.........             b - amulet of the gourmand
HPRegen  0.07/turn              (no ring)
MPRegen  0.09/turn              (no ring)

@: lethally poisoned (0 -> -6), resistant
A: small, carnivore
a: no special abilities


You were on level 2 of the Dungeon.
You were not hungry.

You visited 1 branch of the dungeon, and saw 2 of its levels.

You collected 40 gold pieces.

Inventory:

Hand Weapons
 a - a +0 hand crossbow (weapon)
Missiles
 d - 6 bolts (quivered)
Armour
 e - a +0 robe (worn)
 i - a +2 scale mail of cold resistance
Jewellery
 b - an amulet of the gourmand (around neck)
Scrolls
 c - a scroll of identify {unknown}
 h - a scroll of magic mapping {unknown}
 j - a scroll of enchant armour {unknown}
 k - a scroll of fog {unknown}
Comestibles
 f - 3 rations


   Skills:
 + Level 1.8 Fighting
 * Level 3.4 Crossbows
 + Level 0.3 Armour
 + Level 3.0 Dodging
 - Level 1.1 Spellcasting
 + Level 3.3 Hexes


You had 3 spell levels left.
You knew the following spells:

 Your Spells              Type           Power        Failure   Level  Hunger
a - Corona                Hex            ##.....      7%          1    ##.....

Your spell library contained the following spells:

 Spells                   Type           Power        Failure   Level  Hunger
 Slow                     Hex            ##......     10%         2    ###....
 Inner Flame              Hex/Fire       #.......     36%         3    ####...
 Portal Projectile        Hex/Tloc       #.....       36%         3    ####...
 Cause Fear               Hex            ##........   54%         4    #####..
 Leda's Liquefaction      Hex/Erth       #.........   78%         4    #####..


Dungeon Overview and Level Annotations

Branches:
Dungeon (2/15)

Altars:
Gozag


Innate Abilities, Weirdness & Mutations

You are small and have problems with some larger weapons.
You are carnivorous and can eat meat at any time.


Message History

* * * LOW HITPOINT WARNING * * *
You feel sick.
You see here 7 gold pieces.
There is a lethal amount of poison in your body!
There is a lethal amount of poison in your body!
There is a lethal amount of poison in your body!
There is a lethal amount of poison in your body!
* * * LOW HITPOINT WARNING * * *
You feel sick.
* * * LOW HITPOINT WARNING * * *
You feel sick.
* * * LOW HITPOINT WARNING * * *
You feel sick.
* * * LOW HITPOINT WARNING * * *
You feel sick.
It was a potion of resistance.
You feel protected.
* * * LOW HITPOINT WARNING * * *
You feel sick.
You die...

######..... ##.. #.....
... #..... ... #...## (
..## #####. ..#####..#
#. (.(. .?# #. #.(##>#
## #.(#@# #. #.(## ##
##.##### ### #..#..#
#.# ##.##)## #.#
#####..#..#####.######
..........<....†.......
#######..#.#####.#####.
##.#.## #.### ##


There were no monsters in sight!

Vanquished Creatures
  A hound skeleton (D:2)
  2 adders (D:2)
  A dart slug (D:2)
  2 bats (D:1)
  2 hobgoblins
  2 frilled lizards
  3 goblins
  3 kobolds
  A rat (D:2)
17 creatures vanquished.

Notes
Turn   | Place    | Note
-------+----------+-------------------------------------------
     0 | D:1      | Bikalo the Kobold Arcane Marksman began the quest for the
                  | Orb.
     0 | D:1      | Reached XP level 1. HP: 12/12 MP: 2/2
   161 | D:1      | Reached XP level 2. HP: 16/16 MP: 3/3
   176 | D:1      | You fall into a shaft and drop 1 floor!
   183 | D:2      | Reached XP level 3. HP: 13/20 MP: 4/4
   279 | D:2      | Found an opulent altar of Gozag.
   408 | D:2      | HP: 1/21 [poisoned by an adder]
   410 | D:2      | Succumbed to an adder's poison

Levels and vault maps discovered:
D:1:      giann_horns, layout_loops_corners, minmay_hexomino_f4
D:2:      layout_rooms, nicolae_gozag_cash_rules_everything_around_me,
          yredelemnul_forgotten_temple_becter, first_ration,
          lightli_corner_chamber

Skill      XL: |  1  2  3 |
---------------+----------+-----
Crossbows      | 3 |  3.4
Dodging        | 3 |  3.0
Fighting       | |  1.8
Armour         | |  0.3
Spellcasting   | |  1.1
Hexes          | |  3.3

Action                   || total
-------------------------++-------
 Fire: Hand crossbow     ||    43
  Use: Potion            ||     1
Armor: Robe              ||     4
Dodge: Dodged            ||    20

Table legend:
 A = Non-vault XP
 B = Vault XP
 C = Vault XP percentage of total XP
 D = Non-vault monster count
 E = Vault monster count
 F = Vault count percentage of total count
                 A         B        C        D         E       F
            +---------+---------+-------+---------+---------+-------
      Total |      63 |       4 |   6.0 |      14 |       3 |  17.6
            +---------+---------+-------+---------+---------+-------
        D:1 |       5 |       4 |  44.4 |       4 |       3 |  42.9
        D:2 |      58 |       0 |   0.0 |      10 |       0 |   0.0
            +---------+---------+-------+---------+---------+-------
